 Dungeon Crawl Stone Soup version 0.26-a0-455-g0958c023ba (webtiles) character file.

Game seed: 283075127730491989

415 HoaS the Ruffian (level 6, -1/40 HPs)
             Began as a Gargoyle Gladiator on July 28, 2020.
             Slain by a quokka (2 damage)
             ... on level 4 of the Dungeon.
             The game lasted 00:07:31 (3227 turns).

HoaS the Ruffian (Gargoyle Gladiator)               Turns: 3227, Time: 00:07:31

Health: -1/40      AC:  2    Str: 20    XL:     6   Next: 92%
Magic:  6/6        EV: 10    Int:  8    God:
Gold:   297        SH:  0    Dex: 11    Spells: 5/5 levels left

rFire    . . .     SeeInvis +     - Unarmed
rCold    . . .     Faith    .   (no shield)
rNeg     + . .     Spirit   .   g - +0 scale mail
rPois    ∞         Reflect  .   b - +0 helmet
rElec    +         Harm     .   (no cloak)
rCorr    .                      e - +2 pair of gloves
MR       .....                  (no boots)
Stlth    ..........             (no amulet)
HPRegen  0.13/turn              f - ring of see invisible
MPRegen  0.10/turn              (no ring)

@: corroded
A: negative energy resistance 1, electricity resistance, unbreathing,
petrification resistance, rot immunity, AC +4
a: no special abilities


You were on level 4 of the Dungeon.
You visited 1 branch of the dungeon, and saw 4 of its levels.

You collected 297 gold pieces.

Inventory:

Missiles
 c - 2 throwing nets (quivered)
 l - 3 boomerangs
 q - 17 poisoned darts
Armour
 b - a +0 helmet (worn)
 e - a +2 pair of gloves (worn)
 g - a +0 scale mail (worn)
Jewellery
 f - a ring of see invisible (left hand)
Wands
 o - a wand of iceblast (2)
 r - a wand of digging (6)
Scrolls
 h - 4 scrolls of remove curse
 k - a scroll of identify
Potions
 a - a potion of resistance {unknown}
 i - 3 potions of lignification
 j - a potion of heal wounds
 m - a potion of invisibility {unknown}
 n - a potion of might {unknown}
 p - a potion of flight {unknown}
Comestibles
 d - 2 removed foods


   Skills:
 + Level 4.8 Fighting
 - Level 1.7 Throwing
 - Level 2.4 Dodging
 * Level 6.4 Unarmed Combat


You had 5 spell levels left.
You didn't know any spells.
Your spell library was empty.

Dungeon Overview and Level Annotations

Branches:
Dungeon (4/15)
 Temple: D:4-7

Altars:
Ashenzari
Gozag
Qazlal
Trog
Uskayaw

Annotations:
D:4 Ijyb


Innate Abilities, Weirdness & Mutations

You are resistant to torment.
Your stone body is resilient. (AC +4)
You are immune to poison.
You resist negative energy. (rN+)
You are resistant to electric shocks. (rElec)
You can survive without breathing.
You are immune to petrification.
You are immune to rotting.


Message History

A worker ant comes into view.
Ijyb hits you but does no damage.
You hit Ijyb but do no damage.
Ijyb is almost dead.
Ijyb hits you.
You closely miss Ijyb.
Ijyb is almost dead.
You hit Ijyb but do no damage.
Ijyb is almost dead.
Ijyb barely misses you. The quokka bites you.
You hit Ijyb but do no damage.
Ijyb is almost dead.
Ijyb zaps a wand.
The bolt of acid hits you! The acid corrodes you!
You are splashed with acid!
* * * LOW HITPOINT WARNING * * *
The quokka bites you but does no damage.
You barely miss Ijyb.
Ijyb is almost dead.
The quokka bites you.
You die...

.......###
........####
####...........
#⌠⌠##..........
#####__##..........
#..#§§§8#..........
#..##§§##...a......
#..##§§##..@g......
##.#§§§§#...r......
#..§§§§§...........
#....§§............
#..................
#..................
#.
#..................
#.#
##.................
#..#
#...............


You could see Ijyb, a worker ant and a quokka.

Vanquished Creatures
  An ogre (D:3)
  2 orc priests
  4 orc wizards
  5 adders
  4 worms
  2 dart slugs (D:3)
  2 leopard geckos
  13 orcs
  6 bats
  5 giant cockroaches
  3 goblins
  10 hobgoblins
  7 jackals
  2 quokkas
  3 ball pythons
  4 frilled lizards
  9 kobolds
  8 rats
90 creatures vanquished.

Notes
Turn   | Place    | Note
-------+----------+-------------------------------------------
     0 | D:1      | HoaS the Gargoyle Gladiator began the quest for the Orb.
     0 | D:1      | Reached XP level 1. HP: 12/12 MP: 1/1
   131 | D:1      | Reached XP level 2. HP: 18/18 MP: 2/2
   452 | D:1      | Reached XP level 3. HP: 22/22 MP: 3/3
   717 | D:1      | Upgraded the game from 0.26-a0-259-g1effd001a9 to
                  | 0.26-a0-455-g0958c023ba
   891 | D:2      | Reached skill level 4 in Unarmed Combat
  1039 | D:2      | Reached XP level 4. HP: 28/28 MP: 4/4
  1251 | D:2      | Found an opulent altar of Gozag.
  1550 | D:3      | Reached XP level 5. HP: 29/32 MP: 5/5
  1690 | D:3      | Reached skill level 5 in Unarmed Combat
  1985 | D:3      | Reached XP level 6. HP: 13/38 MP: 6/6
  2221 | D:3      | Found a shattered altar of Ashenzari.
  2672 | D:3      | Reached skill level 6 in Unarmed Combat
  2823 | D:4      | Found a stormy altar of Qazlal.
  3211 | D:4      | Found a hide-covered altar of Uskayaw.
  3211 | D:4      | Found a bloodstained altar of Trog.
  3216 | D:4      | Noticed Ijyb
  3219 | D:4      | HP: 1/40 [acid (14)]
  3226 | D:4      | HP: 1/40 [acid (13)]
  3227 | D:4      | Slain by a quokka

Illustrated notes

Levels and vault maps discovered:
D:1:      dpeg_arrival_three_smaller_balls, layout_basic, minmay_heptomino_d4
D:2:      layout_rooms, lemuel_doored_altar, small_statue_intersection,
          hex_large
D:3:      layout_basic, ashenzari_altar_1
D:4:      layout_layer_cave, gammafunk_temple_overflow_wave,
          lemuel_statue_altar, uniq_ijyb

Skill      XL: |  1  2  3  4  5  6 |
---------------+-------------------+-----
Unarmed Combat | 4 5 6 |  6.4
Fighting       | 3 4 |  4.8
Throwing       | |  1.7
Dodging        | |  2.4

Action                   |  1- 3 |  4- 6 || total
-------------------------+-------+-------++-------
Melee: Unarmed           |   125 |   241 ||   366
       Punch             |     4 |     4 ||     8
Throw: Throwing net      |       |     1 ||     1
Evoke: Wand              |       |     3 ||     3
  Use: Scroll            |     4 |     6 ||    10
       Potion            |       |     1 ||     1
 Stab: Held in net/web   |       |     2 ||     2
Armor: Leather armour    |    17 |       ||    17
       Scale mail        |    52 |   113 ||   165
Dodge: Dodged            |    67 |   128 ||   195

Table legend: (Time is in decaauts)
 A = Elapsed time spent in this place.
 B = Non-inter-level travel time spent in this place.
 C = Inter-level travel time spent in this place.
 D = Time resting spent in this place.
 E = Time spent auto-exploring this place.
 F = Levels seen in this place.
 G = Mean time per level.
                   A        B        C        D        E       F      G
               +--------+--------+--------+--------+--------+-----+--------+
         Total |   3198 |   3134 |     64 |    337 |   2122 |   4 |  799.5 |
       Dungeon |   3198 |   3134 |     64 |    337 |   2122 |   4 |  799.5 |
               +--------+--------+--------+--------+--------+-----+--------+

Top non-repeatable levels by time:
     D:3: 1205 daAuts
     D:2: 656 daAuts
     D:4: 474 daAuts
     D:1: 150 daAuts
Note: time per level data comes from an upgraded game and may be incomplete.
